 Dungeon Crawl Stone Soup version 0.20.1-1-g8b1a95d (console) character file.

349 hilaritas the Slasher (level 6, -4/43 HPs)
             Began as an Octopode Fighter on Mar 12, 2018.
             Was an Initiate of Sif Muna.
             Slain by ceb's ghost (14 damage)
             ... on level 4 of the Dungeon.
             The game lasted 00:08:15 (3324 turns).

hilaritas the Slasher (Octopode Fighter)            Turns: 3324, Time: 00:08:16

Health: -4/43      AC:  1    Str: 21    XL:     6   Next: 60%
Magic:  6/6        EV: 17    Int: 12    God:    Sif Muna [......]
Gold:   163        SH: 10    Dex: 16    Spells: 5/5 levels left

rFire    . . .     SeeInvis .   a - +1 long sword
rCold    . . .     Gourm    .   b - +0 shield
rNeg     . . .     Faith    .   (helmet restricted)
rPois    .         Spirit   .   (no amulet)
rElec    .         Reflect  .   (no ring)
rCorr    .         Harm     .   (no ring)
MR       .....                  (no ring)
Stlth    +++++.....             (no ring)
Regen    0.2/turn               (no ring)
MPRegen  0.1/turn               (no ring)
                                (no ring)
                                (no ring)

@: mighty, agile
A: almost no armour, stealthy swim, amphibious, 8 rings, constrict 8, camouflage
1, gelatinous body 1
a: Renounce Religion


You were on level 4 of the Dungeon.
You worshipped Sif Muna.
Sif Muna was noncommittal.
You were not hungry.

You visited 1 branch of the dungeon, and saw 4 of its levels.

You collected 163 gold pieces.

Inventory:

Hand Weapons
 a - a +1 long sword (weapon)
 m - a +0 dagger
Missiles
 l - 34 arrows
Armour
 b - a +0 shield (worn)
Jewellery
 o - an uncursed ring of fire
Scrolls
 i - 3 scrolls of teleportation
 j - a scroll of remove curse
 n - 2 scrolls of identify
 p - a scroll of enchant weapon
Potions
 e - a potion of brilliance
 k - a potion of agility
Comestibles
 d - 3 bread rations
 f - 3 chunks of flesh
 h - a meat ration


   Skills:
 + Level 3.7 Fighting
 + Level 5.2 Long Blades
 - Level 3.0 Dodging
 + Level 4.2 Stealth
 * Level 3.4 Shields


You had 5 spell levels left.
You didn't know any spells.

Dungeon Overview and Level Annotations

Branches:
Dungeon (4/15)
 Temple: D:4-7

Altars:
Sif Muna
Trog
The Shining One

Shops:
D:4 %

Annotations:
D:4 ceb's ghost, amateur DsFi


Innate Abilities, Weirdness & Mutations

You cannot wear most types of armour.
You are very stealthy in the water. (Stealth+)
You are amphibious.
You can wear up to eight rings at the same time.
You can use your tentacles to constrict eight enemies at once.
Your skin changes colour to match your surroundings (Stealth+).
Your rubbery body absorbs attacks. (AC +1, EV +1)


Message History

Found 23 stones.
Unknown command.
Ceb's ghost (amateur Demonspawn Fighter) comes into view.
Ceb's ghost turns its malevolent gaze towards you.
Ceb's ghost barely misses you.
You riposte.
You barely miss ceb's ghost. You closely miss ceb's ghost.
Ceb's ghost hits you!
You feel very mighty all of a sudden. Ceb's ghost closely misses you.
You riposte.
You barely miss ceb's ghost.
You feel agile all of a sudden. Ceb's ghost closely misses you.
You riposte.
You slash ceb's ghost! Your squeeze misses ceb's ghost.
Ceb's ghost is moderately damaged.
You slash ceb's ghost!
You squeeze ceb's ghost, but do no damage.
Ceb's ghost is heavily damaged.
Ceb's ghost hits you!
You hit ceb's ghost but do no damage.
Ceb's ghost is heavily damaged.
Ceb's ghost hits you!
You die...

.......# #####'##......#..###)##
.......# #.....#......#.......#
.......# #.....#......+.......#
.......######'##'#......###'#####
........#..##.##.###.............
........'......#...'.............
........#......'...#.............
........#....#####'#.............
...######<...#.......############
...#...#.....#.......#..........#
...#...'.....#.W@....#..........#
...#..########.......#....##....#
...#..#...........?..#.#'###....#
...####........$.....#.#_###.....
...............(.....#.###......#
.....................#..........#
.......#######.......#....#######
.......# #.......###### .......#
รท......+ .......#


You could see ceb's ghost.

Vanquished Creatures
  A phantom (D:4)
  A bullfrog skeleton (D:4)
  Jessica (D:3)
  2 worker ants
  Robin (D:4)
  5 adders
  3 worms
  2 dart slugs
  5 leopard geckos
  14 orcs
  3 bats
  3 giant cockroaches (D:3)
  12 goblins
  7 hobgoblins
  4 quokkas
  2 ball pythons
  3 frilled lizards
  A kobold (D:2)
  9 rats
79 creatures vanquished.

Notes
Turn   | Place    | Note
-------+----------+-------------------------------------------
     0 | D:1      | hilaritas the Octopode Fighter began the quest for the Orb.
     0 | D:1      | Reached XP level 1. HP: 16/16 MP: 1/1
   123 | D:1      | Reached skill level 1 in Stealth
   148 | D:1      | Reached XP level 2. HP: 21/21 MP: 2/2
   765 | D:2      | Found a faded altar of an unknown god.
   793 | D:2      | Reached XP level 3. HP: 21/26 MP: 3/3
  1675 | D:3      | Found a bloodstained altar of Trog.
  1720 | D:3      | Reached skill level 3 in Long Blades
  1801 | D:3      | Reached XP level 4. HP: 11/31 MP: 4/4
  1806 | D:3      | HP: 2/31 [orc/short sword (4)]
  2205 | D:3      | Found a glowing golden altar of the Shining One.
  2230 | D:3      | Reached XP level 5. HP: 36/36 MP: 5/5
  2272 | D:3      | Noticed Jessica
  2279 | D:3      | Killed Jessica
  2279 | D:3      | Reached skill level 4 in Long Blades
  2751 | D:4      | Noticed a phantom
  2791 | D:4      | Killed a phantom
  2791 | D:4      | Reached skill level 5 in Long Blades
  2791 | D:4      | Reached XP level 6. HP: 14/42 MP: 6/6
  3068 | D:4      | Noticed Robin
  3088 | D:4      | Killed Robin
  3158 | D:4      | Found Vinluin's Food Shoppe.
  3272 | D:4      | Found a deep blue altar of Sif Muna.
  3275 | D:4      | Became a worshipper of Sif Muna the Loreminder
  3316 | D:4      | Noticed ceb's ghost (amateur DsFi)
  3324 | D:4      | Slain by ceb's ghost

Skill      XL: |  1  2  3  4  5 |
---------------+----------------+-----
Stealth        | 1 2 3 4 |  4.2
Long Blades    | 3 5 |  5.2
Fighting       | |  3.7
Dodging        | |  3.0
Shields        | |  3.4

Action                   |  1- 3 |  4- 6 || total
-------------------------+-------+-------++-------
Melee: Long sword        |    53 |   110 ||   163
       Constrict         |    17 |    22 ||    39
       Tentacles         |     9 |    16 ||    25
  Use: Scroll            |    11 |     1 ||    12
       Potion            |       |     4 ||     4
 Stab: Distracted        |     2 |     1 ||     3
       Sleeping          |     4 |     4 ||     8
  Eat: Chunk             |     3 |     5 ||     8
Armor: Skin              |     6 |     5 ||    11
Dodge: Dodged            |    20 |    43 ||    63
Block: Shield            |    21 |    35 ||    56
       Rpst.: Long sword |     9 |     8 ||    17
